 Dungeon Crawl Stone Soup version 0.31-a0-259-g771a54ca4b (webtiles) character file.

Game seed: 13516377763576115252

3187 qw the Skirmisher (level 9, -1/82 HPs)
             Began as a Minotaur Hexslinger on July 13, 2023.
             Killed by divine providence
             ... invoked by an orc priest
             ... summoned by an orange crystal statue
              (11 damage)
             ... on level 8 of the Dungeon.
             The game lasted 00:03:45 (7983 turns).

qw the Skirmisher (Minotaur Hexslinger)             Turns: 7983, Time: 00:03:46

Health: -1/82      AC:  6    Str: 13      XL:     9   Next: 64%
Magic:  1/9        EV: 12    Int:  0 (10) God:
Gold:   481        SH:  0    Dex: 17      Spells: 9/10 levels left

rFire   . . .        Y - +0 orcbow
rCold   . . .        (shield currently unavailable)
rNeg    . . .        d - +0 ring mail
rPois   +            (helmet restricted)
rElec   .            i - scarf {repulsion}
rCorr   .            c - +0 pair of gloves
SInv    +            (no boots)
Will    .....        (no amulet)
Stlth   +            u - ring of poison resistance
HPRegen 0.33/turn    t - ring of see invisible
MPRegen 0.11/turn

%: repel missiles
@: slowed, lost intelligence, unable to read, very slow
A: horns 2, retaliatory headbutt
a: no special abilities


You were on level 8 of the Dungeon.
You visited 2 branches of the dungeon, and saw 9 of its levels.

You collected 535 gold pieces.
You spent 54 gold pieces at shops.


Innate Abilities, Weirdness & Mutations

You have a pair of horns on your head.
You reflexively headbutt those who attack you in melee.


   Skills:
 - Level 8.3 Fighting
 - Level 12.1 Ranged Weapons
 - Level 3.0 Armour
 + Level 4.0 Dodging
 - Level 1.0 Spellcasting
 - Level 2.0 Hexes


You had 9 spell levels left.
You knew the following spells:

 Your Spells              Type           Power      Damage    Failure   Level
a - Slow                  Hex            0%         N/A       52%         1

Your spell library contained the following spells:

 Spells                   Type           Power      Damage    Failure   Level
 Inner Flame              Hex/Fire       0%         N/A       95%         3
 Portal Projectile        Hex/Tloc       0%         N/A       95%         3
 Cause Fear               Hex            0%         N/A       99%         4

Inventory:

Hand Weapons
 Y - a +0 orcbow (weapon)
Armour
 b - a +2 leather armour of cold resistance
 c - a +0 pair of gloves (worn)
 d - a +0 ring mail (worn)
 i - a scarf of repulsion (worn)
 o - a +0 cloak
Jewellery
 r - a +6 ring of strength
 t - a ring of see invisible (right hand)
 u - a ring of poison resistance (left hand)
Scrolls
 a - 2 scrolls of vulnerability {unknown}
 f - 2 scrolls of identify
 l - a scroll of revelation {unknown}
Potions
 e - 2 potions of might
 g - a potion of cancellation {unknown}
 h - a potion of mutation {unknown}
 j - a potion of ambrosia {unknown}
 k - a potion of degeneration {unknown}
 n - a potion of heal wounds {unknown}
 p - 2 potions of curing {unknown}

Dungeon Overview and Level Annotations

Branches:
Dungeon (8/15)             Temple (1/1) D:5
   Lair: D:8-11

Altars:
Ashenzari
Cheibriados
Dithmenos
Elyvilon
Fedhas
Gozag
Hepliaklqana
Makhleb
Nemelex Xobeh
Qazlal
Ru
Sif Muna
Trog
Uskayaw
Vehumet
Wu Jian
Xom
Yredelemnul
Zin
The Shining One

Shops:
D:3 [

Annotations:
D:8 exclusions: ice statue and orange crystal statue


Message History

The sky beast barely misses you.
The orange crystal statue fixes its piercing gaze on you.
You feel dopey.
You have lost your intelligence.
Something feeds on your intellect! The bullfrog hits you.
The orc priest calls down the wrath of Beogh upon you.
Beogh smites you!
The sky beast flickers out of sight for a moment.
The sky beast hits you but does no damage.
The orange crystal statue glitters topaz in the dim dungeon light.
You can move again.
Enter note:
Enter note:
Enter note:
Enter note:
Enter note:
Enter note:
7979 ||| UPGRADING to +2 leather armour of cold resistance.
The bullfrog snags a nearby mouse with its tongue.
The bullfrog hits you.
You stop removing your armour.
The bullfrog hits you!
The sky beast hits you but does no damage.
The orange crystal statue glitters.
You are confused.
The bullfrog closely misses you. x2; The sky beast closely misses you. x2
The bullfrog hits you but does no damage.
The bullfrog hits you.
The orc priest invokes the aid of Beogh against you.
Beogh smites you! The sky beast closely misses you.
The orange crystal statue fixes its piercing gaze on you.
You feel your power leaking away.
The bullfrog hits you but does no damage.
The bullfrog hits you but does no damage.
The sky beast hits you but does no damage.
The bullfrog hits you. The sky beast barely misses you.
You feel less confused.
The bullfrog hits you but does no damage.
The bullfrog hits you.
The orc priest calls down the wrath of Beogh upon you.
Beogh smites you!
You die...

.......#.#...#...#
.......#.#._.#...#
.......#.#...#...#
#.#.
......##.#'''#...#
...
......'..#...#...#
#..
......##.'...'.#.#
#.. .
......##.'...'.#.#
$# .. .
########.'...'.#~##
.?.# #.###.
###...###@Y#
.8..##..##. #'''#
##Fo.# .....#ยค.##.
#...#
oo..##!..(.Y.##.
#._.#
.....##.......#.
#..)#
#.....##$.......
#####
......##...#...
.#.... ##..##>)
###..8 #.# ##) ##
#.


You could see an orange crystal statue, an orc warrior (summoned), a sky beast
(summoned, invisible), a bullfrog (summoned), an orc priest (summoned) and an
orc wizard (summoned, invisible).

Vanquished Creatures
  Sigmund (D:2)
  A steam dragon (D:8)
  A water moccasin (D:5)
  2 orc warriors (D:7)
  2 ice beasts
  A black bear (D:5)
  A centaur (D:6)
  4 phantoms
  A kobold brigand (D:8)
  3 bullfrogs
  5 scorpions
  7 wights (D:7)
  A howler monkey (D:5)
  5 jellies
  3 hounds
  6 orc priests
  3 sleepcaps
  4 iguanas
  An orc wizard (D:8)
  Robin (D:3)
  11 gnolls (D:5)
  9 adders
  2 shadow imps
  3 white imps
  A worm (D:2)
  3 dart slugs
  18 orcs
  10 endoplasms
  6 giant cockroaches
  14 goblins
  9 hobgoblins
  6 quokkas
  7 ball pythons
  3 bats
  4 frilled lizards
  10 kobolds
  9 rats
178 creatures vanquished.

Notes
Turn   | Place    | Note
-------+----------+-------------------------------------------
     0 | D:1      | qw the Minotaur Hexslinger began the quest for the Orb.
     0 | D:1      | Reached XP level 1. HP: 16/16 MP: 1/1
     0 | D:1      | 0 ||| qw: Version: 0.3-a-52-g30416fa
     0 | D:1      | 0 ||| qw: Game counter: 6885
     0 | D:1      | 0 ||| qw: Melee chars always use a shield: true
     0 | D:1      | 0 ||| qw: God list: Okawaru
     0 | D:1      | 0 ||| qw: Allow faded altars: false
     0 | D:1      | 0 ||| qw: Do Orc after clearing Dungeon:15 true
     0 | D:1      | 0 ||| qw: Do second Lair branch before Depths: true
     0 | D:1      | 0 ||| qw: Lair rune preference: random
     0 | D:1      | 0 ||| qw: Goals: Normal
     0 | D:1      | 0 ||| PLANNING D:1-11
    87 | D:1      | Reached skill level 3 in Ranged Weapons
   108 | D:1      | Reached XP level 2. HP: 23/23 MP: 2/2
   264 | D:1      | Reached XP level 3. HP: 29/29 MP: 3/3
   803 | D:1      | 803 ||| UPGRADING to +0 ring mail.
   813 | D:1      | 813 ||| DROPPING +0 robe.
   814 | D:1      | 814 ||| READING scroll labelled MASHRI ZOAMOAF.
   815 | D:1      | 815 ||| DROPPING scroll of poison.
   862 | D:2      | Reached skill level 4 in Ranged Weapons
   862 | D:2      | 862 ||| FLEEEEING.
   867 | D:2      | 867 ||| FLEEEEING.
   868 | D:2      | 868 ||| FLEEEEING.
   869 | D:2      | 869 ||| STAIRDANCE
   942 | D:2      | Reached skill level 1 in Armour
   988 | D:2      | Reached XP level 4. HP: 36/36 MP: 4/4
  1272 | D:2      | 1272 ||| READING scroll labelled MAEMMI SEMIUZE.
  1273 | D:2      | 1273 ||| DRINKING 2 murky purple potions.
  1279 | D:2      | Noticed Sigmund
  1281 | D:2      | 1281 ||| FLEEEEING.
  1292 | D:2      | 1292 ||| FLEEEEING.
  1293 | D:2      | 1293 ||| FLEEEEING.
  1294 | D:2      | 1294 ||| STAIRDANCE
  1323 | D:2      | 1323 ||| STAIRDANCE
  1325 | D:2      | 1325 ||| STAIRDANCE
  1327 | D:2      | 1327 ||| STAIRDANCE
  1427 | D:2      | Killed Sigmund
  1428 | D:2      | Reached skill level 6 in Ranged Weapons
  1428 | D:2      | Reached XP level 5. HP: 40/41 MP: 5/5
  1461 | D:3      | Noticed a phantom
  1468 | D:3      | Killed a phantom
  1469 | D:3      | Reached skill level 3 in Fighting
  1469 | D:3      | Reached XP level 6. HP: 50/51 MP: 6/6
  1517 | D:3      | Noticed Robin
  1534 | D:3      | Killed Robin
  1536 | D:3      | HP: 12/52 [hobgoblin[Robin] (3)]
  1540 | D:3      | HP: 3/52 [hobgoblin[Robin] (3)]
  1735 | D:3      | Found Iririkhor's Armour Boutique.
  1748 | D:3      | 1748 ||| SHOPLISTING +0 pair of boots "Xugg" {rPois Dex+3}
                  | (264 gold, have 102).
  1748 | D:3      | 1748 ||| BUYING +0 pair of gloves (54 gold).
  1748 | D:3      | Bought a +0 pair of gloves for 54 gold pieces
  1748 | D:3      | 1748 ||| SHOPLISTING +3 ring mail of Dishonour {rElec
                  | Dex+3} (471 gold, have 48).
  1987 | D:3      | 1987 ||| FLEEEEING.
  2135 | D:3      | 2135 ||| UPGRADING to +0 pair of gloves.
  2153 | D:3      | 2153 ||| UPGRADING to scarf of repulsion.
  2158 | D:3      | 2158 ||| READING scroll labelled ANYTWI RUUDUI.
  2197 | D:4      | 2197 ||| STAIRDANCE
  2200 | D:3      | Reached skill level 7 in Ranged Weapons
  2305 | D:4      | Reached XP level 7. HP: 32/59 MP: 7/7
  2477 | D:4      | Reached skill level 8 in Ranged Weapons
  2733 | D:4      | 2733 ||| DROPPING scarf of repulsion.
  2734 | D:4      | 2734 ||| UPGRADING to +6 ring of strength.
  2735 | D:4      | 2735 ||| READING scroll labelled QYNNIO INOERAELO.
  2736 | D:4      | 2736 ||| READING scroll labelled ULA KAUTIVI.
  2761 | D:5      | Entered Level 5 of the Dungeon
  3008 | D:5      | Reached XP level 8. HP: 68/68 MP: 8/8
  3084 | D:5      | Reached skill level 9 in Ranged Weapons
  3148 | D:5      | Found a staircase to the Ecumenical Temple.
  3149 | D:5      | 3149 ||| PLANNING TEMPLE
  3153 | D:5      | 3153 ||| READING 2 scrolls labelled ENEPLE UMAXO.
  3154 | D:5      | 3154 ||| READING 2 scrolls of identify.
  3154 | D:5      | 3154 ||| IDENTIFYING red potion
  3155 | D:5      | 3155 ||| DROPPING potion of brilliance.
  3156 | D:5      | 3156 ||| DROPPING scroll of noise.
  3162 | Temple   | Entered the Ecumenical Temple
  3313 | Temple   | 3313 ||| PLANNING D:1-11
  3369 | D:5      | Reached skill level 3 in Dodging
  3465 | D:5      | 3465 ||| FLEEEEING.
  3468 | D:5      | HP: 15/69 [gnoll/+0 halberd (12)]
  3695 | D:5      | Reached skill level 6 in Fighting
  3704 | D:5      | HP: 9/71 [gnoll/+0 halberd (11)]
  4131 | D:5      | 4131 ||| READING scroll labelled XOMORCH NITO.
  4228 | D:6      | 4228 ||| FLEEEEING.
  4229 | D:6      | 4229 ||| FLEEEEING.
  4230 | D:6      | 4230 ||| FLEEEEING.
  4231 | D:6      | 4231 ||| FLEEEEING.
  4232 | D:6      | 4232 ||| FLEEEEING.
  4233 | D:6      | 4233 ||| FLEEEEING.
  4234 | D:6      | 4234 ||| FLEEEEING.
  4235 | D:6      | 4235 ||| FLEEEEING.
  4236 | D:6      | 4236 ||| STAIRDANCE
  4302 | D:6      | 4302 ||| STAIRDANCE
  4366 | D:6      | 4366 ||| SWAPPING to +0 orcbow.
  4368 | D:6      | 4368 ||| DROPPING +2 sling.
  4526 | D:6      | Reached skill level 10 in Ranged Weapons
  4900 | D:6      | Found a broken altar of Ashenzari.
  4900 | D:6      | Found a basalt altar of Yredelemnul.
  4901 | D:6      | Found an opulent altar of Gozag.
  4901 | D:6      | Found a shimmering blue altar of Sif Muna.
  5182 | D:6      | 5182 ||| UPGRADING to ring of see invisible.
  5183 | D:6      | 5183 ||| UPGRADING to ring of poison resistance.
  5185 | D:6      | 5185 ||| READING scroll labelled MYDAYPR BOOXU.
  5189 | D:6      | 5189 ||| READING scroll labelled YTAQAENAKU.
  5290 | D:6      | 5290 ||| DRINKING 2 pink potions.
  5291 | D:6      | 5291 ||| DROPPING potion of magic.
  5463 | D:7      | Reached XP level 9. HP: 79/79 MP: 9/9
  5722 | D:7      | Reached skill level 11 in Ranged Weapons
  5744 | D:7      | Reached skill level 3 in Armour
  5951 | D:7      | 5951 ||| FLEEEEING.
  5952 | D:7      | 5952 ||| FLEEEEING.
  5953 | D:7      | 5953 ||| FLEEEEING.
  5954 | D:7      | 5954 ||| FLEEEEING.
  5955 | D:7      | 5955 ||| FLEEEEING.
  5956 | D:7      | 5956 ||| FLEEEEING.
  5957 | D:7      | 5957 ||| FLEEEEING.
  5958 | D:7      | 5958 ||| FLEEEEING.
  5959 | D:7      | 5959 ||| FLEEEEING.
  5960 | D:7      | 5960 ||| FLEEEEING.
  5961 | D:7      | 5961 ||| FLEEEEING.
  5962 | D:7      | 5962 ||| FLEEEEING.
  5963 | D:7      | 5963 ||| FLEEEEING.
  5964 | D:7      | 5964 ||| FLEEEEING.
  5965 | D:7      | 5965 ||| FLEEEEING.
  5966 | D:7      | 5966 ||| FLEEEEING.
  5967 | D:7      | 5967 ||| FLEEEEING.
  5968 | D:7      | 5968 ||| FLEEEEING.
  5969 | D:7      | 5969 ||| FLEEEEING.
  6167 | D:7      | Found a sparkling altar of Nemelex Xobeh.
  6481 | D:7      | 6481 ||| READING scroll labelled NUTEDGH EVUNA.
  6482 | D:7      | 6482 ||| DRINKING 2 lumpy sapphire potions.
  6536 | D:7      | 6536 ||| READING 2 scrolls of identify.
  6536 | D:7      | 6536 ||| IDENTIFYING silvery potion
  6537 | D:7      | 6537 ||| DROPPING potion of berserk rage.
  6538 | D:7      | 6538 ||| DROPPING potion of lignification.
  6629 | D:8      | Found a stormy altar of Qazlal.
  6651 | D:8      | 6651 ||| Stepping ~*~*~tactically~*~*~ (outnumbered).
  6653 | D:8      | 6653 ||| Stepping ~*~*~tactically~*~*~ (outnumbered).
  6665 | D:8      | Reached skill level 12 in Ranged Weapons
  6688 | D:8      | Noticed an ice statue
  6730 | D:8      | 6730 ||| Stepping ~*~*~tactically~*~*~ (cloud).
  6918 | D:8      | 6918 ||| FLEEEEING.
  6919 | D:8      | 6919 ||| FLEEEEING.
  6920 | D:8      | 6920 ||| FLEEEEING.
  6921 | D:8      | 6921 ||| FLEEEEING.
  6922 | D:8      | 6922 ||| FLEEEEING.
  6923 | D:8      | 6923 ||| FLEEEEING.
  6924 | D:8      | 6924 ||| FLEEEEING.
  6925 | D:8      | 6925 ||| FLEEEEING.
  6926 | D:8      | 6926 ||| FLEEEEING.
  6927 | D:8      | 6927 ||| FLEEEEING.
  6928 | D:8      | 6928 ||| FLEEEEING.
  6929 | D:8      | 6929 ||| FLEEEEING.
  6930 | D:8      | 6930 ||| FLEEEEING.
  6931 | D:8      | 6931 ||| FLEEEEING.
  6932 | D:8      | 6932 ||| FLEEEEING.
  6933 | D:8      | 6933 ||| FLEEEEING.
  6934 | D:8      | 6934 ||| FLEEEEING.
  6935 | D:8      | 6935 ||| FLEEEEING.
  6936 | D:8      | 6936 ||| FLEEEEING.
  6937 | D:8      | 6937 ||| FLEEEEING.
  6938 | D:8      | 6938 ||| FLEEEEING.
  6939 | D:8      | 6939 ||| FLEEEEING.
  6940 | D:8      | 6940 ||| FLEEEEING.
  6941 | D:8      | 6941 ||| FLEEEEING.
  6942 | D:8      | 6942 ||| FLEEEEING.
  6943 | D:8      | 6943 ||| FLEEEEING.
  6944 | D:8      | 6944 ||| FLEEEEING.
  6945 | D:8      | 6945 ||| FLEEEEING.
  6946 | D:8      | 6946 ||| FLEEEEING.
  6947 | D:8      | 6947 ||| FLEEEEING.
  6948 | D:8      | 6948 ||| FLEEEEING.
  6949 | D:8      | 6949 ||| FLEEEEING.
  6950 | D:8      | 6950 ||| FLEEEEING.
  6951 | D:8      | 6951 ||| FLEEEEING.
  6952 | D:8      | 6952 ||| FLEEEEING.
  6953 | D:8      | 6953 ||| FLEEEEING.
  6954 | D:8      | 6954 ||| FLEEEEING.
  6955 | D:8      | 6955 ||| FLEEEEING.
  7031 | D:8      | 7031 ||| FLEEEEING.
  7032 | D:8      | 7032 ||| FLEEEEING.
  7033 | D:8      | 7033 ||| FLEEEEING.
  7034 | D:8      | 7034 ||| FLEEEEING.
  7035 | D:8      | 7035 ||| FLEEEEING.
  7036 | D:8      | 7036 ||| FLEEEEING.
  7037 | D:8      | 7037 ||| FLEEEEING.
  7038 | D:8      | 7038 ||| FLEEEEING.
  7039 | D:8      | 7039 ||| FLEEEEING.
  7040 | D:8      | 7040 ||| FLEEEEING.
  7041 | D:8      | 7041 ||| FLEEEEING.
  7042 | D:8      | 7042 ||| FLEEEEING.
  7043 | D:8      | 7043 ||| FLEEEEING.
  7044 | D:8      | 7044 ||| FLEEEEING.
  7045 | D:8      | 7045 ||| FLEEEEING.
  7046 | D:8      | 7046 ||| FLEEEEING.
  7047 | D:8      | 7047 ||| FLEEEEING.
  7048 | D:8      | 7048 ||| FLEEEEING.
  7049 | D:8      | 7049 ||| FLEEEEING.
  7050 | D:8      | 7050 ||| FLEEEEING.
  7051 | D:8      | 7051 ||| FLEEEEING.
  7052 | D:8      | 7052 ||| FLEEEEING.
  7246 | D:8      | HP: 11/79 [ice beast[an ice statue] (14)]
  7246 | D:8      | HP: 2/79 [ice beast[an ice statue] (7)]
  7247 | D:8      | 7247 ||| READING scroll of teleportation.
  7577 | D:8      | Found a radiant altar of Vehumet.
  7580 | D:8      | 7580 ||| Stepping ~*~*~tactically~*~*~ (outnumbered).
  7815 | D:8      | 7815 ||| Stepping ~*~*~tactically~*~*~ (cloud).
  7928 | D:8      | Found a shadowy altar of Dithmenos.
  7931 | D:8      | Found a glowing golden altar of the Shining One.
  7950 | D:8      | Noticed an orange crystal statue
  7977 | D:8      | Lost intelligence.
  7979 | D:8      | 7979 ||| UPGRADING to +2 leather armour of cold resistance.
  7981 | D:8      | HP: 19/82 [orc priest/divine providence[an orange crystal
                  | statue] (8)]
  7983 | D:8      | Killed from afar by an orc priest

Levels and vault maps discovered:
D:1:      dpeg_arrival_shrine, layout_basic
D:2:      layout_rooms, minmay_tree_intersection, uniq_sigmund
D:3:      layout_basic, serial_shops, nicolae_shop_tiny_waterfront, uniq_robin
D:4:      layout_rooms, grunt_ministairs_1
D:5:      layout_loops_cross, minmay_temple_entry_hall, minivault_5, st_stairs_9
D:6:      layout_gridville, chequers_temple_overflow_statue_of_worship
D:7:      layout_basic, nemelex_diamond_rough_becter
D:8:      minmay_separated_statues, layout_basic, mainiacjoe_overflow_24_doors,
          mainiacjoe_overflow_big_doors, grunt_qazlal_clouds
Temple:   nicolae_temple_bog_church

Skill      XL: |  1  2  3  4  5  6  7  8  9 |
---------------+----------------------------+-----
Ranged Weapons | 3 4 6 7 8 10 12 | 12.1
Fighting       | 2 3 4 5 7 8 |  8.3
Armour         | 1 2 3 |  3.0
Dodging        | 3 4 |  4.0
Spellcasting   | |  1.0
Hexes          | |  2.0

Action                     |  1- 3 |  4- 6 |  7- 9 || total
---------------------------+-------+-------+-------++-------
   Fire: Sling             |   134 |   178 |   192 ||   504
         Orcbow            |       |       |   404 ||   404
    Use: Scroll            |     1 |     2 |    10 ||    13
         Potion            |       |     1 |     2 ||     3
 Armour: Robe              |     5 |       |       ||     5
         Ring mail         |    12 |    34 |   124 ||   170
  Dodge: Dodged            |    48 |    77 |   228 ||   353
         Repelled          |       |       |     6 ||     6

Table legend:
 A = Non-vault XP
 B = Vault XP
 C = Vault XP percentage of total XP
 D = Non-vault monster count
 E = Vault monster count
 F = Vault count percentage of total count
                 A         B        C        D         E       F
            +---------+---------+-------+---------+---------+-------
      Total |    4088 |     465 |  10.2 |     162 |      16 |   9.0
            +---------+---------+-------+---------+---------+-------
        D:1 |      52 |       0 |   0.0 |      31 |       0 |   0.0
        D:2 |      76 |     226 |  74.8 |      24 |       1 |   4.0
        D:3 |     274 |      34 |  11.0 |      16 |      11 |  40.7
        D:4 |     390 |      12 |   3.0 |      16 |       2 |  11.1
        D:5 |     657 |     193 |  22.7 |      20 |       2 |   9.1
        D:6 |     692 |       0 |   0.0 |      13 |       0 |   0.0
        D:7 |    1382 |       0 |   0.0 |      25 |       0 |   0.0
        D:8 |     565 |       0 |   0.0 |      17 |       0 |   0.0
            +---------+---------+-------+---------+---------+-------
